 Dungeon Crawl Stone Soup version 0.31.0-12-g77e489cdc1 (webtiles) character file.

Game seed: 6332077083308487765

34 Killerpretzel the Changeling (level 3, 0/23 HPs)
             Began as an Octopode Shapeshifter on Feb 11, 2024.
             Slain by a ball python (1 damage)
             ... on level 1 of the Dungeon.
             The game lasted 00:00:53 (436 turns).

Killerpretzel the Changeling (Octopode Shapeshifter) Turns: 436, Time: 00:00:54

Health: 0/23       AC:  1    Str: 13    XL:     3   Next: 31%
Magic:  3/3        EV: 10    Int: 12    God:
Gold:   13         SH:  0    Dex: 13    Spells: 2/2 levels left

rFire   . .          .
                       - Unarmed
rCold   . . .        (no shield)
rNeg    . . .        (helmet currently unavailable)
rPois   .            (no amulet)
rElec   .            (no ring)
rCorr   .            (no ring)
SInv    .            (no ring)
Will    .....        (no ring)
Stlth   ++           (no ring)
HPRegen 0.23/turn    (no ring)
MPRegen 0.08/turn    (no ring)
                     (no ring)

%: no passive effects
@: beast-form, constricted
A: beast (slay +1), almost no armour, amphibious, 8 rings, camouflage 1,
gelatinous body 1, (nimble swimmer 1), tentacles
a: Begin Untransformation


You were on level 1 of the Dungeon.
You were a hulking beast.
You visited 1 branch of the dungeon, and saw 1 of its levels.

You collected 13 gold pieces.

Inventory:

Talismans
 b - a beast talisman
 c - a flux talisman
Scrolls
 d - 2 scrolls of teleportation {unknown}
 e - a scroll of enchant weapon {unknown}
 g - a scroll of noise {unknown}
Potions
 a - a potion of lignification
 f - a potion of enlightenment {unknown}
 h - a potion of heal wounds {unknown}


   Skills:
 + Level 1.5 Fighting
 + Level 2.4 Dodging
 + Level 3.2 Unarmed Combat
 * Level 3.4 Shapeshifting


You had 2 spell levels left.
You didn't know any spells.
Your spell library contained the following spells:

 Spells                   Type           Power      Damage    Failure   Level
 Ensorcelled Hibernation  Hex/Ice        0%         N/A       45%         2
 Passwall                 Erth           0%         N/A       69%         3
 Swiftness                Air            0%         N/A       69%         3


Dungeon Overview and Level Annotations

Branches:
Dungeon (1/15)

Altars:


Innate Abilities, Weirdness & Mutations

You are a hulking beast.
Your limbs bulge with bestial killing power. (Slay +1)
You cannot wear most types of armour.
You are amphibious.
You can wear up to eight rings at the same time.
Your skin changes colour to match your surroundings (Stealth+).
Your rubbery body absorbs attacks. (AC +1, EV +1)
((You are camouflaged when in or above water. (Stealth+)))
You have tentacles for arms and can constrict up to eight enemies at once.


Message History

A ball python comes into view.
The gnoll closely misses you.
The ball python hisses angrily.
You tentacle-slap the gnoll but do no damage.
The gnoll is lightly wounded.
You constrict the gnoll. The gnoll barely misses you.
You tentacle-slap the gnoll but do no damage.
The gnoll is moderately wounded.
You constrict the gnoll, but do no damage.
A ball python comes into view.
The gnoll hits you with a +0 club.
The ball python hisses angrily.
You tentacle-slap the gnoll.
The gnoll is heavily wounded.
You constrict the gnoll.
You release your grip on the gnoll.
The gnoll attacks as it pursues you! The gnoll hits you with a +0 club.
The gnoll attacks as it pursues you! The gnoll hits you with a +0 club!
* * * LOW HITPOINT WARNING * * *
You tentacle-slap the gnoll.
You kill the gnoll!
You have reached level 3!
Your experience leads to an increase in your attributes!
Increase (S)trength, (I)ntelligence, or (D)exterity?
You feel agile. x2
You tentacle-slap the quokka.
You kill the quokka!
You tentacle-slap the ball python.
You kill the ball python!
The ball python barely misses you. The ball python grabs you.
The ball python constricts you.
* * * LOW HITPOINT WARNING * * *
You tentacle-slap the ball python but do no damage.
Your grab misses the ball python. The ball python bites you.
* * * LOW HITPOINT WARNING * * *
The ball python constricts you.
* * * LOW HITPOINT WARNING * * *
You closely miss the ball python. Your grab misses the ball python.
The ball python bites you.
You die...

#.# #.# ..# #.####
..# #....# #.#
####)# ### #.# #.# .
.. #.# #.# ..? #.
#.# #.#
.#...#.##.########.#
....(.....Sh.......#
.......##.##########
..........#
....S..#### ##...##
....# ###. #


You could see a ball python.

Vanquished Creatures
  A gnoll (D:1)
  4 ball pythons (D:1)
  2 endoplasms (D:1)
  2 goblins (D:1)
  2 hobgoblins (D:1)
  4 quokkas (D:1)
  A bat (D:1)
  4 frilled lizards (D:1)
  A kobold (D:1)
  3 rats (D:1)
24 creatures vanquished.

Notes
Turn   | Place    | Note
-------+----------+-------------------------------------------
     0 | D:1      | Killerpretzel the Octopode Shapeshifter began the quest for
                  | the Orb.
     0 | D:1      | Reached XP level 1. HP: 13/13 MP: 1/1
   154 | D:1      | Reached XP level 2. HP: 18/18 MP: 2/2
   432 | D:1      | Reached XP level 3. HP: 4/23 MP: 3/3
   435 | D:1      | HP: 1/23 [constriction (1)]
   436 | D:1      | Slain by a ball python

Illustrated notes

Levels and vault maps discovered:
D:1:      dpeg_arrival_court, layout_loops_ring, minmay_quantized

Action                     || total
---------------------------++-------
  Melee: Unarmed           ||    44
         Constrict         ||     6
         Tentacles         ||     5
         Punch             ||     1
   Stab: Sleeping          ||     6
 Armour: Skin              ||    15
  Dodge: Dodged            ||    14
